AoeStats
← [JaMx] EdBarto

Nomad

509403265Analyzed
4v4 RM · 6d ago on Sep 26, 2026· 42m 34s· 8 players
Game mode
Random Map
Map size
231×231
Population
200
Speed
Normal
Resources
Standard
Victory
Conquest
Starting age
Dark Age
Ending age
Imperial Age
RankedLock teamsTeams togetherTeam positionsShared explorationLock speedFull tech treeHidden civsTurbo modeCheats
Victory
Defeat
🇵🇪 Turks · Peru
1779
+5
🇨🇱 Danes · Chile
1478
+15
🇦🇷 Koreans · Argentina
1452
+15
🇹🇷 Bengalis · Türkiye
1373
+18
🇧🇷 Poles · Brazil
1482
-14
🇧🇷 Koreans · Brazil
1469
-14
1447
-13
🇲🇽 Spanish · Mexico
1440
-12
GAX | Gabasco
5:33 Loom
14:06 Feudal Age
18:13 Castle Age
16:58 Fishing Lines
18:01 Double-Bit Axe
19:42 Bow Saw
19:25 Gold Mining
20:11 Fletching
22:56 Gold Shaft Mining
24:00 Wheelbarrow
26:43 Bodkin Arrow
35:59 Ballistics
38:13 Imperial Age
38:40 Elite War Wagon
40:01 Bracer
PedrodeMatos
5:36 Loom
15:06 Feudal Age
19:24 Castle Age
19:55 Double-Bit Axe
19:59 Horse Collar
21:16 Bow Saw
21:18 Gold Mining
21:38 Scale Barding Armor
22:31 Szlachta Privileges
24:41 Chain Barding Armor
26:13 Wheelbarrow
28:53 Wheelbarrow
30:24 Bloodlines
36:46 Husbandry
Ares_Hong Bang- Trieu Dynasty
4:23 Loom
14:53 Feudal Age
19:10 Castle Age
18:45 Gold Mining
18:47 Stone Mining
20:51 Wheelbarrow
24:14 Hand Cart
28:27 Double-Bit Axe
30:27 Bow Saw
32:12 Horse Collar
33:20 Heavy Plow
[JaMx] EdBarto
3:17 Loom
14:23 Feudal Age
18:59 Castle Age
18:10 Stone Mining
18:46 Double-Bit Axe
27:49 Bow Saw
27:22 Horse Collar
28:38 Medium Warships
32:22 Heavy Plow
34:05 Wheelbarrow
33:24 Gold Mining
[MGG] JP
5:12 Loom
13:58 Feudal Age
14:28 Double-Bit Axe
15:50 Wheelbarrow
23:13 Castle Age
21:31 Gold Mining
[MGG] El Petardo
7:12 Loom
13:14 Feudal Age
16:56 Castle Age
15:40 Double-Bit Axe
17:05 Forging
18:59 Castle Age
17:24 Scale Mail Armor
20:05 Bow Saw
23:02 Forging
24:06 Town Watch
35:00 Horse Collar
38:17 Imperial Age
36:23 Wheelbarrow
36:39 Iron Casting
37:07 Chain Mail Armor
38:23 Elite Fire Lancer
38:44 Capped Ram
41:41 Plate Mail Armor
tirtil
3:19 Loom
13:29 Feudal Age
13:34 Feudal Age
14:00 Feudal Age
18:00 Castle Age
15:59 Double-Bit Axe
16:53 Fishing Lines
18:08 Fletching
18:51 Medium Warships
18:56 Bow Saw
18:43 Gold Mining
19:26 Bodkin Arrow
25:05 Gillnets
29:07 Padded Archer Armor
29:53 Ballistics
33:28 Imperial Age
32:07 Leather Archer Armor
32:19 Paiks
34:26 Wheelbarrow
34:17 Bracer
35:19 Chemistry
35:33 Heavy Warships
35:24 Elite Elephant Archer
38:12 Hand Cart
40:11 Bloodlines
40:02 Husbandry
40:38 Ring Archer Armor
41:06 Siphons
41:38 Gold Shaft Mining
42:05 Two-Man Saw
noru
4:47 Loom
13:38 Feudal Age
17:11 Castle Age
16:01 Double-Bit Axe
18:11 Bow Saw
26:54 Padded Archer Armor
29:43 Wheelbarrow
31:40 Gold Mining
31:31 Horse Collar
33:45 Hand Cart
38:30 Imperial Age
36:12 Stone Mining
39:31 Gold Shaft Mining
41:09 Town Watch
Connection lost

Rejoining the realm…

Still unreachable

The connection could not be restored.

Session expired

The server has moved on; the page needs a fresh start.